 Dungeon Crawl Stone Soup version 0.32-a0-43-g058985b245 (webtiles) character file.

Game seed: 13214265440996255663

37 jlumianski the Ruffian (level 3, 0/42 HPs)
             Began as a Gnoll Shapeshifter on Feb 3, 2024.
             Killed from afar by Natasha (3 damage)
             ... with a magic dart
             ... on level 1 of the Dungeon.
             The game lasted 00:02:23 (494 turns).

jlumianski the Ruffian (Gnoll Shapeshifter)          Turns: 494, Time: 00:02:24

Health: 0/42       AC: 21    Str: 15    XL:     3   Next: 39%
Magic:  4/4        EV:  2    Int:  9    God:
Gold:   32         SH:  0    Dex: 11    Spells: 3/3 levels left

rFire   . .          .
                       - Unarmed
rCold   . . .        (no shield)
rNeg    . . .        a - melded +0 animal skin
rPois   +            (helmet currently unavailable)
rElec   .            (cloak currently unavailable)
rCorr   .            (gloves currently unavailable)
SInv    .            (boots currently unavailable)
Will    .....        (no amulet)
Stlth   +            (no ring)
HPRegen 0.27/turn    (no ring)
MPRegen 0.09/turn

%: no passive effects
@: tree-form, slowed, very slow
A: stationary, stasis, torment immunity, boosted hp, (fangs 1), strong nose,
distributed training
a: no special abilities


You were on level 1 of the Dungeon.
You were a tree.
You visited 1 branch of the dungeon, and saw 2 of its levels.

You collected 32 gold pieces.

Inventory:

Missiles
 e - 6 poisoned darts (quivered)
Armour
 a - a +0 animal skin (melded)
 h - a +0 scale mail
Jewellery
 g - a +6 ring of intelligence
Talismans
 c - a beast talisman
 d - a flux talisman
Scrolls
 f - a scroll of teleportation {unknown}


   Skills:
 + Level 2.6 Fighting
 + Level 0.8 Short Blades
 + Level 0.8 Long Blades
 + Level 0.8 Axes
 + Level 0.8 Maces & Flails
 + Level 0.8 Polearms
 + Level 0.8 Staves
 + Level 0.8 Ranged Weapons
 + Level 0.8 Throwing
 + Level 0.8 Armour
 + Level 4.5 Dodging
 + Level 0.8 Stealth
 + Level 0.8 Shields
 + Level 6.5 Unarmed Combat
 + Level 0.8 Spellcasting
 + Level 0.5 Conjurations
 + Level 0.5 Hexes
 + Level 0.5 Summonings
 + Level 0.5 Necromancy
 + Level 0.5 Translocations
 + Level 0.5 Fire Magic
 + Level 0.5 Ice Magic
 + Level 0.5 Air Magic
 + Level 0.5 Earth Magic
 + Level 0.5 Alchemy
 + Level 1.0 Invocations
 + Level 0.8 Evocations
 + Level 6.5 Shapeshifting


You had 3 spell levels left.
You didn't know any spells.
Your spell library was empty.

Dungeon Overview and Level Annotations

Branches:
Dungeon (2/15)

Altars:

Annotations:
D:1 Natasha


Innate Abilities, Weirdness & Mutations

You are a tree.
Your roots penetrate the ground, keeping you stationary.
You cannot be teleported.
You are immune to unholy pain and torment.
Your maximum health is greatly increased.
Your equipment is partially melded.
((You have very sharp teeth.))
Your uncanny sense of smell can sniff out nearby items.
Your experience applies equally to all skills.


Message History

Natasha stares at you and mumbles some strange words.
You feel yourself slow down. Natasha closely misses you. Natasha claws you.
The rat bites you. Natasha claws you!
* * * LOW HITPOINT WARNING * * *
The rat attacks as it pursues you! The rat barely misses you.
The rat closely misses you.
Natasha mumbles some strange words.
Natasha wildly gestures.
Natasha shimmers violently.
The rat closely misses you.
There is a stone staircase leading up here.
Natasha closely misses you. The rat closely misses you.
The hobgoblin barely misses you. The cerulean imp closely misses you.
Natasha casts a spell at you. The magic dart hits you!
* * * LOW HITPOINT WARNING * * *
You climb upwards.
The cerulean imp disappears in a puff of smoke!
There is a stone staircase leading down here.
Your transformation has ended.
You turn into a tree.
Your +0 animal skin melds into your body.
Your roots penetrate the ground.
The rat bites you.
* * * LOW HITPOINT WARNING * * *
The hobgoblin hits you but does no damage.
Natasha mumbles some strange words.
Natasha's front paws start to glow.
The rat bites you but does no damage.
The hobgoblin hits you but does no damage.
You pummel the hobgoblin!!
You kill the hobgoblin!
The rat bites you but does no damage.
You hit the rat.
You kill the rat!
Natasha stares at you and mumbles some strange words.
The magic dart hits you.
You die...
Natasha curls up and begins to purr.

#+# #.# #..
#####.#
#.....# #
#...###.#####
#..h♣†......
##.#########
#.# #.# #.#
#.#
#######.####
#..........#
#.##..#.##.#


You could see Natasha.

Vanquished Creatures
  A gnoll (D:1)
  An adder (D:2)
  A dart slug (D:2)
  2 ball pythons
  A bat (D:1)
  2 endoplasms (D:1)
  A hobgoblin (D:1)
  3 goblins
  2 kobolds (D:1)
  3 rats (D:1)
17 creatures vanquished.

Notes
Turn   | Place    | Note
-------+----------+-------------------------------------------
     0 | D:1      | jlumianski the Gnoll Shapeshifter began the quest for the
                  | Orb.
     0 | D:1      | Reached XP level 1. HP: 17/17 MP: 1/1
    44 | D:1      | Reached XP level 2. HP: 12/23 MP: 2/2
   389 | D:2      | Reached XP level 3. HP: 24/28 MP: 3/3
   443 | D:2      | Reached skill level 1 in Invocations
   480 | D:2      | Noticed Natasha
   490 | D:2      | HP: 1/28 [Natasha/magic dart (8)]
   494 | D:1      | Killed from afar by Natasha

Illustrated notes

Levels and vault maps discovered:
D:1:      mrwooster_arrival_statue, layout_loops_corners
D:2:      layout_rooms, uniq_sigmund, uniq_natasha, uniq_terence

Skill      XL: |  1  2  3 |
---------------+----------+-----
Invocations    | 1 |  1.0
Fighting       | |  2.6
Short Blades   | |  0.8
Long Blades    | |  0.8
Axes           | |  0.8
Maces & Flails | |  0.8
Polearms       | |  0.8
Staves         | |  0.8
Ranged Weapons | |  0.8
Throwing       | |  0.8
Armour         | |  0.8
Dodging        | |  4.5
Stealth        | |  0.8
Shields        | |  0.8
Unarmed Combat | |  6.5
Spellcasting   | |  0.8
Conjurations   | |  0.5
Hexes          | |  0.5
Summonings     | |  0.5
Necromancy     | |  0.5
Translocations | |  0.5
Fire Magic     | |  0.5
Ice Magic      | |  0.5
Air Magic      | |  0.5
Earth Magic    | |  0.5
Alchemy        | |  0.5
Evocations     | |  0.8
Shapeshifting  | |  6.5

Action                     || total
---------------------------++-------
  Melee: Unarmed           ||    25
         Bite              ||     2
    Use: Potion            ||     1
 Armour: Animal skin       ||    17
         Skin              ||     6
  Dodge: Dodged            ||    20

Table legend: (Time is in decaauts)
 A = Elapsed time spent in this place.
 B = Non-inter-level travel time spent in this place.
 C = Inter-level travel time spent in this place.
 D = Time resting spent in this place.
 E = Time spent auto-exploring this place.
 F = Levels seen in this place.
 G = Mean time per level.
                   A        B        C        D        E       F      G
               +--------+--------+--------+--------+--------+-----+--------+
         Total |    497 |    497 |      0 |     43 |    188 |   2 |  248.5 |
       Dungeon |    497 |    497 |      0 |     43 |    188 |   2 |  248.5 |
               +--------+--------+--------+--------+--------+-----+--------+

Top non-repeatable levels by time:
     D:1: 381 daAuts
     D:2: 115 daAuts
